 Dungeon Crawl Stone Soup version 0.31.0-11-ge490571c62 (webtiles) character file.

Game seed: 9665570739485877137

1233 jasper the Chopper (level 8, 0/61 HPs)
             Began as a Vampire Berserker on Jan 31, 2024.
             Was an Elder of Trog.
             Succumbed to a gnoll's poison
             ... on level 7 of the Dungeon.
             The game lasted 00:07:36 (5278 turns).

jasper the Chopper (Vampire Berserker)              Turns: 5278, Time: 00:07:36

Health: 0/61       AC: 19    Str: 18    XL:     8   Next: 24%
Magic:  8/8        EV:  9    Int: 10    God:    Trog [****..]
Gold:   295        SH:  0    Dex: 13    Spells: 7/7 levels left

rFire   + . .        a - +0 hand axe
rCold   . . .        (no shield)
rNeg    . . .        x - +2 chain mail {rF+}
rPois   .            m - +1 helmet
rElec   .            (no cloak)
rCorr   .            E - +0 pair of gloves
SInv    +            D - +0 pair of boots
Will    .....        o - amulet of faith Stlth
                     A - +4 ring of protection
HPRegen 0.50/turn    (no ring)
MPRegen 0.11/turn

%: faith
@: lethally poisoned (0 -> -13), on berserk cooldown, healing quickly, slowed,
very slow
A: alive, fangs 3, see invisible, vampiric 2
a: Exsanguinate, Renounce Religion, Berserk, Trog's Hand, Brothers in Arms


You were on level 7 of the Dungeon.
You worshipped Trog.
Trog was greatly pleased with you.
You visited 1 branch of the dungeon, and saw 7 of its levels.

You collected 295 gold pieces.

Inventory:

Hand Weapons
 a - a +0 hand axe (weapon)
 y - a +0 flail
 F - a +0 war axe
 I - a +3 war axe
Missiles
 e - 8 boomerangs (quivered)
 k - 56 stones
 u - 4 silver javelins
 L - 19 poisoned darts
Armour
 b - a +0 animal skin
 j - a +0 ring mail
 m - a +1 helmet (worn)
 n - a +0 chain mail
 x - a +2 chain mail of fire resistance (worn)
 D - a +0 pair of boots (worn)
 E - a +0 pair of gloves (worn)
Jewellery
 o - an amulet of faith (around neck)
 r - an amulet of reflection
 A - a +4 ring of protection (left hand)
Wands
 B - a wand of light (9)
 H - a wand of mindburst (13)
Scrolls
 g - a scroll of poison
 l - 2 scrolls of teleportation
 w - a scroll of torment
 C - a scroll of silence
Potions
 c - 2 potions of curing
 f - a potion of haste
 h - 2 potions of enlightenment
 p - 2 potions of heal wounds
 q - a potion of mutation
 s - 2 potions of degeneration
 v - a potion of attraction {unknown}
 z - a potion of brilliance {unknown}
 J - 2 potions of invisibility {unknown}


   Skills:
 - Level 4.4 Fighting
 + Level 7.3 Axes
 - Level 3.4 Armour
 - Level 4.6 Dodging


You had 7 spell levels left.
You didn't know any spells.
Your spell library was empty.

Dungeon Overview and Level Annotations

Branches:
Dungeon (7/15)
 Temple: D:4-7

Altars:
Cheibriados
Nemelex Xobeh
Trog
Vehumet

Shops:
D:3 (

Annotations:
D:5 2 transporters, gummybears's ghost, novice MfGl


Innate Abilities, Weirdness & Mutations

Your natural rate of healing is accelerated.
You have razor-sharp teeth.
You have supernaturally acute eyesight. (SInv)
You are afflicted with vampirism and can become a bat while bloodless.


Message History

You are poisoned.
You feel very sick. The gnoll completely misses you.
Things that are here:
a +0 whip; a +0 whip; a +0 leather armour You barely miss the gnoll.
You bite the gnoll, but do no damage.
You feel sick.
The gnoll hits you with a +2 spear of venom!
You are more poisoned.
You slash the gnoll!
The gnoll is heavily wounded.
You feel very sick. The gnoll hits you but does no damage.
You are lethally poisoned!
A red film seems to cover your vision as you go berserk!
You feel yourself moving faster!
You feel mighty!
* * * LOW HITPOINT WARNING * * *
You feel very sick.
The gnoll hits you with a +2 spear of venom.
* * * LOW HITPOINT WARNING * * *
You are more poisoned.
You hit the gnoll.
The gnoll is severely wounded.
* * * LOW HITPOINT WARNING * * *
You feel very sick. The gnoll closely misses you.
You slice the gnoll!!
You kill the gnoll!
Trog accepts your kill.
* * * LOW HITPOINT WARNING * * *
You feel very sick.
* * * LOW HITPOINT WARNING * * *
You feel very sick.
You feel a strong urge to attack something.
* * * LOW HITPOINT WARNING * * *
You feel very sick.
You are too berserk!
You are no longer berserk.
You are exhausted.
You feel yourself slow down.
You die...

#.. #.# #.# ###### #.#
#...<###+# #.#
#.#..#.#.#####.#
#....#.##....# .
#....#.##.#..#####....
#............@))..)(#
#..#.#.....#.####...#
#..........#.# ...
####.#######.# . ...#
#.. ##### ###


There were no monsters in sight!

Vanquished Creatures
  An ogre (D:6)
  A kobold brigand (D:6)
  5 scorpions
  4 wights (D:6)
  2 bombardier beetles (D:4)
  3 hounds (D:5)
  A gnoll bouda (D:7)
  Ijyb (D:4)
  5 orc wizards
  5 adders
  9 gnolls
  A white imp (D:6)
  2 dart slugs (D:1)
  A ribbon worm (D:3)
  21 orcs
  6 bats
  5 endoplasms
  4 giant cockroaches
  7 goblins
  4 hobgoblins
  7 jackals
  11 kobolds
  5 quokkas
  3 ball pythons
  2 frilled lizards
  2 rats
118 creatures vanquished.

Notes
Turn   | Place    | Note
-------+----------+-------------------------------------------
     0 | D:1      | jasper the Vampire Berserker began the quest for the Orb.
     0 | D:1      | Reached XP level 1. HP: 17/17 MP: 1/1
   176 | D:1      | Reached skill level 3 in Axes
   181 | D:1      | Reached XP level 2. HP: 23/23 MP: 2/2
  1002 | D:1      | Gained mutation: You are afflicted with vampirism and can
                  | become a bat while bloodless. [Vampire growth]
  1002 | D:1      | Reached XP level 3. HP: 28/28 MP: 3/3
  1050 | D:2      | Reached skill level 4 in Axes
  1074 | D:2      | Reached ** piety under Trog
  1871 | D:3      | Reached XP level 4. HP: 34/34 MP: 4/4
  2095 | D:3      | Found Geffymik's Weapon Shoppe.
  2473 | D:4      | Reached skill level 5 in Axes
  2482 | D:4      | Reached XP level 5. HP: 39/39 MP: 5/5
  2538 | D:4      | Noticed Ijyb
  2548 | D:4      | Killed Ijyb
  2549 | D:4      | Reached skill level 6 in Axes
  2550 | D:4      | Reached XP level 6. HP: 41/46 MP: 6/6
  2722 | D:4      | Found a snail-covered altar of Cheibriados.
  2812 | D:4      | Found a sparkling altar of Nemelex Xobeh.
  2824 | D:4      | Found a radiant altar of Vehumet.
  3018 | D:5      | Entered Level 5 of the Dungeon
  3062 | D:4      | Reached *** piety under Trog
  3232 | D:5      | Found a transporter.
  3233 | D:5      | Noticed gummybears's ghost (novice MfGl)
  3241 | D:5      | Found a transporter.
  3872 | D:6      | Found a bloodstained altar of Trog.
  3887 | D:6      | Reached XP level 7. HP: 52/52 MP: 7/7
  4245 | D:6      | Reached **** piety under Trog
  4333 | D:6      | Reached XP level 8. HP: 61/61 MP: 8/8
  4740 | D:6      | Reached skill level 7 in Axes
  5277 | D:7      | HP: 3/91 [poisoned by a gnoll]
  5278 | D:7      | Succumbed to a gnoll's poison

Illustrated notes

Levels and vault maps discovered:
D:1:      spicycebolla_arrival_ecumenical, layout_basic, solitary_fountain,
          minmay_bisected
D:2:      layout_rooms, nicolae_twisty_statue_hallways
D:3:      layout_basic, serial_shops, nicolae_shop_tiny_real_fake_doors,
          chequers_serial_rivers_room_b
D:4:      layout_rooms, slow_altar_2, overflow_temple_1_default,
          nicolae_vehumet_radiance, uniq_ijyb
D:5:      layout_gridville, gammafunk_ghost_stat_death
D:6:      layout_basic, mainiacjoe_overflow_boulevard, zin_academy,
          minmay_door_square
D:7:      layout_basic, nicolae_ru_great_annihilating_truth,
          mainiacjoe_overflow_catwalk, minmay_temple_entry_hall,
          mainiacjoe_ossuary_entry_dusty_tomb, biasface_ghost_orc_armoury,
          enter_bailey_2

Skill      XL: |  1  2  3  4  5  6  7  8 |
---------------+-------------------------+-----
Axes           | 3 4 5 6 7 |  7.3
Fighting       | 3 4 |  4.4
Armour         | 2 3 |  3.4
Dodging        | 3 4 |  4.6

Action                     |  1- 3 |  4- 6 |  7- 9 || total
---------------------------+-------+-------+-------++-------
  Melee: Hand axe          |    99 |   189 |   149 ||   437
         Bite              |    10 |    24 |    17 ||    51
         Punch             |     1 |     2 |     3 ||     6
  Throw: Boomerang         |     7 |       |     1 ||     8
         Javelin           |       |       |     6 ||     6
 Invoke: Berserk           |       |     3 |     2 ||     5
         Trog's Hand       |       |       |     1 ||     1
    Use: Scroll            |       |    10 |     5 ||    15
 Armour: Animal skin       |    18 |       |       ||    18
         Ring mail         |    19 |       |       ||    19
         Chain mail        |    38 |   190 |   128 ||   356
  Dodge: Dodged            |    69 |   104 |    81 ||   254
